 Dungeon Crawl Stone Soup version 0.31.0-1-g2c135a0 (webtiles) character file.

Game seed: 5999596961949942163

879 cvang28 the Cleaver (level 7, -7/57 HPs)
             Began as a Minotaur Fighter on Feb 1, 2024.
             Was an Initiate of the Shining One.
             Killed from afar by Biscolet's ghost (11 damage)
             ... with a magic dart
             ... on level 5 of the Dungeon.
             The game lasted 00:05:47 (2781 turns).

cvang28 the Cleaver (Minotaur Fighter)              Turns: 2781, Time: 00:05:48

Health: -7/57      AC:  6    Str: 23    XL:     7   Next: 75%
Magic:  6/6        EV:  9    Int:  5    God:    the Shining One [......]
Gold:   218        SH:  4    Dex:  9    Spells: 6/6 levels left

rFire   . . .        a - +0 war axe
rCold   . . .        c - +0 buckler
rNeg    . . .        b - +0 scale mail
rPois   .            (helmet restricted)
rElec   .            (no cloak)
rCorr   .            (no gloves)
SInv    .            (no boots)
Will    .....        (no amulet) Stlth
                     (no ring)
HPRegen 0.29/turn    (no ring)
MPRegen 0.10/turn

%: no passive effects
@: glowing
A: horns 2, retaliatory headbutt
a: Renounce Religion


You were on level 5 of the Dungeon.
You worshipped the Shining One.
The Shining One was noncommittal.
You visited 2 branches of the dungeon, and saw 5 of its levels.

You collected 218 gold pieces.

Inventory:

Hand Weapons
 a - a +0 war axe (weapon)
 l - a +0 shortbow
Armour
 b - a +0 scale mail (worn)
 c - a +0 buckler (worn)
Talismans
 p - a flux talisman
Wands
 o - a wand of digging (6)
Scrolls
 e - 3 scrolls of identify {unknown}
 f - 3 scrolls of teleportation {unknown}
 g - a scroll of fog {unknown}
 i - a scroll of noise {unknown}
 j - a scroll of vulnerability {unknown}
 n - a scroll of fear {unknown}
Potions
 d - a potion of might
 h - a potion of curing {unknown}
 k - a potion of haste {unknown}
 m - 2 potions of heal wounds {unknown}


   Skills:
 - Level 3.6 Fighting
 + Level 10.8 Axes
 - Level 3.6 Armour
 - Level 3.6 Shields


You had 6 spell levels left.
You didn't know any spells.
Your spell library was empty.

Dungeon Overview and Level Annotations

Branches:
Dungeon (5/15)             Temple (1/1) D:4

Altars:
Ashenzari
Cheibriados
Dithmenos
Fedhas
Gozag
Hepliaklqana
Kikubaaqudgha
Makhleb
Nemelex Xobeh
Okawaru
Qazlal
Ru
Sif Muna
Trog
Uskayaw
Vehumet
Wu Jian
Xom
Yredelemnul
The Shining One

Annotations:
D:5 Biscolet's ghost, amateur DjFE


Innate Abilities, Weirdness & Mutations

You have a pair of horns on your head.
You reflexively headbutt those who attack you in melee.


Message History

An adder is nearby!
An adder is nearby!
An adder is nearby!
Found a chain mail.
The adder bites you. The adder closely misses you.
You closely miss the adder. The adder bites you.
You hit the adder.
The adder is heavily wounded.
The adder barely misses you.
You hit the adder but do no damage. Your headbutt misses the adder.
The adder is heavily wounded.
You block the adder's attack. x2
You barely miss the adder. Your headbutt misses the adder.
The adder is heavily wounded.
The adder bites you but does no damage.
You barely miss the adder.
The adder is heavily wounded.
The adder closely misses you.
You hit the adder.
The adder is severely wounded.
The adder barely misses you. The adder closely misses you.
You closely miss the adder. You headbutt the adder.
You kill the adder!
Found a flux talisman.
You see here a flux talisman.
Key pressed, stopping explore.
You see here a flux talisman.
p - a flux talisman You now have 218 gold pieces (gained 13).
Key pressed, stopping explore.
Key pressed, stopping explore.
Key pressed, stopping explore.
Key pressed, stopping explore.
Key pressed, stopping explore.
Key pressed, stopping explore.
Items here: ) [ ÷÷.
Key pressed, stopping explore.
Key pressed, stopping explore.
Key pressed, stopping explore.
Key pressed, stopping explore.
Key pressed, stopping explore.
The jelly quivers.
Items here: ) [ ÷÷.
Okay, then.
You open the gate. You slash the jelly!
Your hands burn!
The jelly is heavily wounded.
The orc priest calls down the wrath of Beogh upon you.
Beogh smites you! The jelly hits you.
You are splashed with acid!
You slash the jelly!
You kill the jelly!
You closely miss Biscolet's ghost.
The orc priest mumbles some strange prayers to Beogh against you.
Pain shoots through your body!
Biscolet's ghost hits you but does no damage.
You slash the quokka!
You kill the quokka!
You hit Biscolet's ghost.
Biscolet's ghost gestures at you while chanting.
The magic dart hits you.
The iguana hisses angrily.
You hit the orc priest.
The orc priest is moderately wounded.
You barely miss Biscolet's ghost. Biscolet's ghost closely misses you.
You furiously retaliate!
You headbutt Biscolet's ghost!
The orc priest begins to cast a cantrip, but forgets the words!
You hit the orc priest but do no damage.
You headbutt the orc priest!
The orc priest is severely wounded.
You completely miss Biscolet's ghost. Biscolet's ghost casts a spell at you.
The magic dart hits you.
* * * LOW HITPOINT WARNING * * *
The orc priest barely misses you. You furiously retaliate!
You headbutt the orc priest.
You kill the orc priest!
The Shining One accepts your kill. Biscolet's ghost casts a spell at you.
The magic dart hits you!
* * * LOW HITPOINT WARNING * * *
There is an open translucent gate here.
Things that are here:
a +0 dagger; a +0 ring mail Biscolet's ghost points at you and mumbles some strange words.
The magic dart hits you!
* * * LOW HITPOINT WARNING * * *
You block Biscolet's ghost's attack.
There is an open translucent gate here.
Things that are here:
a +0 dagger; a +0 ring mail You completely miss Biscolet's ghost.
Your headbutt misses Biscolet's ghost.
Biscolet's ghost is moderately damaged.
You slash the iguana! The iguana closely misses you.
Biscolet's ghost hits you but does no damage.
You miss Biscolet's ghost.
Biscolet's ghost is moderately damaged.
You slash the iguana!
You kill the iguana!
Biscolet's ghost gestures at you while chanting.
The magic dart hits you!
You die...

#.###...### #.
##########.#.......#### ##.
#....)................###..
#.#####............(.......
#.# #..............####..
#.# ##..#########........
#.# #..#.......#..######
#.# #..#..###..#...#####
#.# #..@..###$.#........
#.# #..W.....$.#....####
##.# #..'..###..#....# #..#
###..#..###..#....# #.##
#....#.....).#....# #.#
#.#..#########....# #.#
#.#...............# # #.#
#.#...........(...# # #.#
#.###..#######.#### #


You could see Biscolet's ghost.

Vanquished Creatures
  Sigmund (D:5)
  A water moccasin (D:5)
  An ice beast (D:5)
  2 scorpions
  A hound (D:5)
  A jelly (D:5)
  3 orc priests
  A bombardier beetle (D:5)
  A sleepcap (D:5)
  Natasha (thrice) (D:4)
  3 iguanas (D:5)
  4 adders
  4 orcs (D:4)
  An endoplasm (D:4)
  A giant cockroach (D:4)
  4 goblins (D:1)
  3 hobgoblins (D:1)
  3 jackals (D:1)
  A quokka (D:5)
  6 ball pythons
  2 bats (D:1)
  2 frilled lizards (D:1)
  4 kobolds (D:1)
  4 rats (D:1)
57 creatures vanquished.

Notes
Turn   | Place    | Note
-------+----------+-------------------------------------------
     0 | D:1      | cvang28 the Minotaur Fighter began the quest for the Orb.
     0 | D:1      | Reached XP level 1. HP: 19/19 MP: 0/0
    74 | D:1      | Reached skill level 3 in Axes
   145 | D:1      | Reached XP level 2. HP: 21/26 MP: 1/1
   529 | D:1      | Reached skill level 4 in Axes
   955 | D:2      | Found a bloodstained altar of Trog.
   971 | D:2      | You fall into a shaft and drop 2 floors!
   993 | D:4      | Found a staircase to the Ecumenical Temple.
   994 | D:4      | Reached XP level 3. HP: 31/31 MP: 2/2
  1254 | D:4      | Noticed a scorpion
  1260 | D:4      | Killed a scorpion
  1261 | D:4      | Reached skill level 5 in Axes
  1261 | D:4      | Reached XP level 4. HP: 22/39 MP: 3/3
  1271 | D:4      | Reached skill level 6 in Axes
  1278 | D:4      | Reached XP level 5. HP: 3/45 MP: 4/4
  1582 | D:4      | Noticed Natasha
  1588 | D:4      | Killed Natasha
  1589 | D:4      | Reached skill level 7 in Axes
  1616 | D:4      | Found a sand-covered staircase.
  1644 | D:4      | Noticed Natasha
  1652 | D:4      | Killed Natasha
  1759 | D:4      | Noticed Natasha
  1766 | D:4      | Killed Natasha
  1776 | Temple   | Entered the Ecumenical Temple
  1852 | Temple   | Became a worshipper of the Shining One
  2040 | D:5      | Entered Level 5 of the Dungeon
  2048 | D:5      | Reached XP level 6. HP: 51/51 MP: 5/5
  2088 | D:5      | Reached skill level 8 in Axes
  2327 | D:5      | Found a runed translucent gate.
  2327 | D:5      | Found a runed translucent gate.
  2327 | D:5      | Found a runed translucent gate.
  2328 | D:5      | Noticed Biscolet's ghost (amateur DjFE)
  2346 | D:5      | Noticed Sigmund
  2346 | D:5      | Noticed a water moccasin
  2351 | D:5      | Killed Sigmund
  2352 | D:5      | Reached skill level 9 in Axes
  2352 | D:5      | Reached XP level 7. HP: 50/57 MP: 6/6
  2436 | D:5      | Reached skill level 10 in Axes
  2781 | D:5      | Killed from afar by Biscolet's ghost

Illustrated notes

Levels and vault maps discovered:
D:1:      dpeg_arrival_pits, layout_loops_ring, eino_curves_04
D:2:      layout_basic, basic_altar, serial_shops,
          nicolae_shop_temple_entry_statues_fountains, grunt_ministairs_9,
          nicolae_shop_vocational
D:4:      layout_loops_ring, minmay_temple_entry_wispy,
          lightli_ossuary_entry_decrepit_ruins, uniq_natasha
D:5:      layout_loops_ring, gammafunk_ghost_split, uniq_sigmund
Temple:   mainiacjoe_temple_cubbyholes

Skill      XL: |  1  2  3  4  5  6  7 |
---------------+----------------------+-----
Axes           | 3 4 5 6 7 9 10 | 10.8
Fighting       | |  3.6
Armour         | |  3.6
Shields        | |  3.6

Action                     |  1- 3 |  4- 6 |  7- 9 || total
---------------------------+-------+-------+-------++-------
  Melee: War axe           |    62 |    46 |    33 ||   141
         Headbutt          |     6 |    10 |     5 ||    21
 Armour: Scale mail        |    42 |    27 |    22 ||    91
  Dodge: Dodged            |    49 |    25 |    14 ||    88
  Block: Buckler           |    25 |     4 |     6 ||    35
